 Dungeon Crawl Stone Soup version 0.13.0-19-g8e0b589 (webtiles) character file.

228 Ragg the Vexing (level 4, 22/22 HPs)
             Began as a Spriggan Arcane Marksman on Oct 24, 2013.
             Quit the game on Level 3 of the Dungeon.
             The game lasted 00:19:22 (2685 turns).

Ragg the Vexing (Spriggan Arcane Marksman)          Turns: 2685, Time: 00:19:22

HP  22/22        AC  2     Str  7      XL: 4   Next: 43%
MP   9/11        EV 19     Int 15      God:
Gold 130         SH  0     Dex 15      Spells:  2 memorised,  6 levels left

Res.Fire  : . . .   See Invis. : +   a - +0 bow
Res.Cold  : . . .   Warding    : .   l - +0 robe
Life Prot.: . . .   Conserve   : .   (shield restricted)
Res.Poison: .       Res.Corr.  : .   (helmet restricted)
Res.Elec. : .       Clarity    : .   (no cloak)
Sust.Abil.: . .     Spirit.Shd : .   (gloves unavailable)
Res.Mut.  : .       Stasis     : .   (boots unavailable)
Res.Rott. : .       Flight     : .   (no amulet)
Saprovore : . . .                    (no ring)
                                     q - ring of regeneration

@: very quick, slightly resistant to hostile enchantments, fairly stealthy
A: unfitting armour, see invisible, herbivore 3, speed 3, slow metabolism 2
a: no special abilities


You were on level 3 of the Dungeon.
You were near starving.

You visited 1 branch of the dungeon, and saw 3 of its levels.

You collected 80 gold pieces.

Inventory:

Hand weapons
 a - a +0,+0 bow (weapon)
 u - a +0,+0 dagger
 w - a +0,+0 elven dagger
Missiles
 c - 7 arrows (quivered)
 o - 2 darts
 s - 18 stones
 y - 3 poisoned darts
Armour
 l - a +0 robe (worn)
Scrolls
 b - a scroll of noise {unknown}
 f - 2 scrolls of identify {unknown}
 g - 2 scrolls of blinking
 h - 2 scrolls of remove curse {unknown}
 k - a scroll of curse jewellery {unknown}
 x - a scroll of enchant weapon I {unknown}
Jewellery
 q - a ring of regeneration (left hand)
 r - an uncursed ring of protection from cold {unknown}
 v - a +1 ring of evasion {unknown}
Potions
 e - a potion of porridge
 i - 3 potions of might {unknown}
 j - 2 potions of curing
 m - a potion of heal wounds {unknown}
 n - a potion of slowing {unknown}
 p - a potion of restore abilities {unknown}
 t - a potion of speed {unknown}
Books
 d - a book of Debilitation

   Spells                             Type                      Level
   *Corona                            Hexes                        1
   *Slow                              Hexes                        2
   Inner Flame                        Hexes/Fire                   3
   Enslavement                        Hexes                        4
   Cause Fear                         Hexes                        4
   Leda's Liquefaction                Hexes/Earth                  4


   Skills:
 - Level 0.7 Fighting
 + Level 3.0 Bows
 + Level 4.0 Dodging
 + Level 1.9 Stealth
 + Level 3.4 Spellcasting
 + Level 4.8 Hexes


You had 6 spell levels left.
You knew the following spells:

 Your Spells              Type           Power        Failure   Level  Hunger
a - Slow                  Hex            ###.....     4%          2    ##.....
b - Corona                Hex            ###....      2%          1    None


Dungeon Overview and Level Annotations

Branches:
Dungeon (3/27)

Altars:

Annotations:
D:3 Terence


Innate Abilities, Weirdness & Mutations

You are tiny and cannot use many weapons and most armour.
You have supernaturally acute eyesight.
You are a herbivore.
You cover ground extremely quickly.
You need consume almost no food.


Message History

You shoot an arrow. The arrow hits the kobold.
The kobold is severely wounded.
Firing (i - inventory. (,) - cycle):
c - 2 arrows (quivered)
Press: ? - help, Shift-Dir - straight line, f/p - kobold
Aim: a kobold (severely wounded, moving slowly)
You shoot an arrow. The arrow hits the kobold.
You kill the kobold!
You see here a dart of frost.
c - 2 arrows (gained 1)
You see here a kobold corpse.
c - 3 arrows (gained 1)
c - 5 arrows (gained 2)
c - 6 arrows (gained 1)
You see here a goblin corpse.
c - 7 arrows (gained 1)
You now have 130 gold pieces (gained 7).
You open the door.
A hobgoblin comes into view. It is wielding an orcish club.
The hobgoblin shouts!
Are you sure you want to abandon this character and quit the game? (Confirm with "yes".)

# #########(#### #
# #............# #
.. #............#
# ....
#............# #
.....
#........%...#
##### ....g.
#..[.........#
s...# ......###
#......%.....#
###.# .......'.#
#............# #
#@###............#
#................#
#####............#
##############


You could see a hobgoblin.

Vanquished Creatures
  Jessica (D:2)
  3 adders
  A worm (D:3)
  A giant gecko (D:1)
  An ooze (D:2)
  An orc (D:3)
  3 giant cockroaches
  5 hobgoblins
  5 kobolds
  2 quokkas (D:3)
  7 bats
  6 giant newts
  4 goblins (D:3)
  4 jackals
  5 rats
49 creatures vanquished.

Notes
Turn   | Place    | Note
--------------------------------------------------------------
     0 | D:1      | Ragg, the Spriggan Arcane Marksman, began the quest for the Orb.
     0 | D:1      | Reached XP level 1. HP: 10/10 MP: 2/2
     0 | D:1      | sugary: i never played sprig before
     0 | D:1      | Shauncat: i saved
     0 | D:1      | bongbaron: theyre good
     0 | D:1      | bongbaron: super super fast
     0 | D:1      | bongbaron: you can run away from anything
     0 | D:1      | Shauncat: i was distracted from stuff in my other monitor
     0 | D:1      | Ragg: Im gonna shoot things
     0 | D:1      | bongbaron: save 2 fight anothe day
     0 | D:1      | bongbaron: spriggan ranged guy is basically all about kiding things to deaht
     0 | D:1      | bongbaron: kiting
     0 | D:1      | sugary: bump stealth imo
     0 | D:1      | tripwire: lol arcane marksman
     0 | D:1      | bongbaron: stealth too yea
     0 | D:1      | bongbaron: get a short blade
     0 | D:1      | Ragg: hmm
     0 | D:1      | bongbaron: and sneak up on things and backstab them
    13 | D:1      | sugary: stealth 5 i think is enough for a little while
    15 | D:1      | bongbaron: getting sick mesasages like You open the orc wizard like ap illowcase!
    15 | D:1      | sugary: but idk
    15 | D:1      | tripwire: Arcane Marksman suuuuuuuuucksss!!!!!
    15 | D:1      | sugary: lol yeah stabs open
    15 | D:1      | sugary: er own
    15 | D:1      | bongbaron: and then switch to your ranged weap and run aroudn the room shootign things
    17 | D:1      | bongbaron: yeah it does but its arandom viable so w/e
    17 | D:1      | Ragg: lol
    17 | D:1      | feraltennis: better boost your unarmed skill
    29 | D:1      | feraltennis: trust me
    34 | D:1      | bongbaron: fuckshit trolls
    34 | D:1      | tripwire: how come
    35 | D:1      | sugary: my friend did Vampire skald for the longest time and would go through like entire rooms full of orcs just systematically wiping them out
    39 | D:1      | Ragg: oh right
    39 | D:1      | Ragg: i cant eat chunks
    86 | D:1      | bongbaron: yea ur vegan
   114 | D:1      | bongbaron: so spell hunger is a big problem
   114 | D:1      | feraltennis: if you misplace your weaps you obviously need to punch a dude
   133 | D:1      | tripwire: spriggans have to manage food carefully
   134 | D:1      | Shauncat: I should start just doing viable combo instead of viable healer when i play again
   143 | D:1      | tripwire: lol spriggans need to punch dudes?? get out of here troll
   145 | D:1      | bongbaron: healers are kind of weird
   177 | D:1      | Shauncat: I'm going too crazy destroying potentialy good weapons
   177 | D:1      | tripwire: spriggans are like, literally tinkerbell
   182 | D:1      | tripwire: they can't punch shit
   182 | D:1      | sugary: healer isnt bad but its mostly for an easy early-game way to get to the other good gods
   187 | D:1      | bongbaron: you should still use a weap shauin
   187 | D:1      | Reached XP level 2. HP: 14/14 MP: 5/5
   195 | D:1      | feraltennis: that attitude won't get you any title belts dog
   207 | D:1      | bongbaron: if its flaring up the spergers try playing a high elf skald of okawaru
   208 | D:1      | bongbaron: or better yet
   215 | D:1      | bongbaron: a demonspawn skald of okawaru
   229 | D:1      | tripwire: healers are fighters foremost shaun
   276 | D:1      | bongbaron: ultimate RNG char except a xom worshipper
   297 | D:1      | bongbaron: u get sick ass random mutations
   304 | D:1      | sugary: i played a xom worshipper but i got super bored of it
   369 | D:1      | tripwire: xom is cool
   548 | D:1      | bongbaron: that turn you into like a stinky rot-inducing fart cloud emitter or a fireball spitter
   563 | D:1      | tripwire: he randomly makes ur life hell and then gives u some buffs to try and get out of it
   575 | D:1      | bongbaron: and okawaru gives u tons of random gifts
   590 | D:1      | feraltennis: i always roll with trog
   590 | D:1      | bongbaron: xom is a dick
   590 | D:1      | tripwire: Xom likes to turn up the heat, as they sasy
   590 | D:1      | Shauncat: with a healer should you level fighting until you find a good runeweapon?
   647 | D:1      | Reached skill level 4 in Hexes
   667 | D:1      | bongbaron: its not so much about a magic weapon as species aptitude
   667 | D:1      | bongbaron: pick up a weapon that suits ur species asap
   667 | D:1      | sugary: MiBe
   667 | D:1      | bongbaron: then upgrade to magic one when u can
   667 | D:1      | tripwire: basically treat a healer like a fighter except sometimes u get to 1shot threats via pacification
   667 | D:1      | Shauncat: k
   670 | D:1      | Learned a level 2 spell: Slow
   670 | D:1      | tripwire: u wont have enuf food to use healing all the time anywayu
   670 | D:1      | sugary: yeah if you try to heal everything as healer youll starve to death
   708 | D:1      | tripwire: esp as a centaur
   708 | D:1      | tripwire: since they already eat nonstop
   708 | D:1      | Ragg: what was the weapon swap command again
   710 | D:1      | tripwire: ;
   710 | D:1      | tripwire: er
   710 | D:1      | Ragg: oh i found it
   710 | D:1      | tripwire: '
   755 | D:2      | bongbaron: man all this talk make me go play a high elf skald
   756 | D:2      | bongbaron: hell yeah okawaru
   764 | D:2      | bongbaron: give me your -2 boots or give me death
   780 | D:2      | sugary: if you want a "good" god zin is okay early on, but not optimal
   781 | D:2      | sugary: good as in like,
   783 | D:2      | bongbaron: what barf
   784 | D:2      | sugary: holy
   801 | D:2      | sugary: lol
   801 | D:2      | bongbaron: right
   803 | D:2      | bongbaron: he stinks early
   804 | D:2      | sugary: yeah
   897 | D:2      | bongbaron: hes for super late game doing hells and / or if you desperately need mutations cured or rmut and dont have either
   897 | D:2      | sugary: i tried it once just so i could recite against orc priests and make them barf blood but i die all the time
   928 | D:2      | bongbaron: recite is cool in theory but basically hes for fighting demons
   929 | D:2      | sugary: yeah
   930 | D:2      | bongbaron: not going thru the whole game
   943 | D:2      | tripwire: i watched lyle play a zin merfolk fisticuffs guy
   943 | D:2      | tripwire: and it was ownage
   957 | D:2      | sugary: nemelex is pretty cool imo, cards can be cool as hell
   961 | D:2      | Reached skill level 1 in Stealth
   961 | D:2      | tripwire: he kept reciting prayers against rooms of ogres and making them fall asleep and then punching them in half
   961 | D:2      | Reached XP level 3. HP: 18/18 MP: 4/8
  1049 | D:2      | tripwire: tab (the autofight) works with ranged as well
  1058 | D:2      | tripwire: dunno if ur using that or pressing f
  1058 | D:2      | Ragg: oh
  1058 | D:2      | Ragg: good tip
  1088 | D:2      | sugary: nemelex getting you an early deck of escape can really help
  1110 | D:2      | tripwire: whats that runed mace
  1117 | D:2      | Noticed Jessica
  1118 | D:2      | sugary: totally Tubular onyx ring, duder
  1118 | D:2      | tripwire: jessicas a chump
  1118 | D:2      | Ragg: idk
  1118 | D:2      | sugary: whoa it shows you the spells uniques have now? sick
  1118 | D:2      | tripwire: ventilate her
  1122 | D:2      | Killed Jessica
  1135 | D:2      | sugary: i killed jessica once by confusing her next to some water lol
  1136 | D:2      | tripwire: NICE
  1136 | D:2      | feraltennis: tite
  1136 | D:2      | tripwire: thats some win
  1136 | D:2      | Ragg: aww yea
  1136 | D:2      | Ragg: should i keep it on
  1136 | D:2      | Ragg: Or
  1136 | D:2      | Ragg: Just take it on when i need it
  1136 | D:2      | feraltennis: uuhh yeah
  1136 | D:2      | Ragg: for the extra hunger im ean
  1136 | D:2      | sugary: it only gives extra hunger when youre not at full health i thought
  1136 | D:2      | Ragg: Oh it does?
  1136 | D:2      | Ragg: Cool
  1274 | D:2      | sugary: protip if you see Nessos, dont do anything, just run
  1281 | D:2      | tripwire: bad tip
  1400 | D:2      | sugary: oh right
  1400 | D:2      | sugary: teleport away
  1400 | D:2      | tripwire: hes faster than you
  1400 | D:2      | sugary: dont run
  1593 | D:2      | tripwire: and shoots flaming poison arrows
  1675 | D:2      | bongbaron: haha fuckin sick d:2 book of the dragon im wootin overhere
  1679 | D:1      | tripwire: yeah holy crap
  1679 | D:1      | bongbaron: yewah nessos is insanely buff
  1706 | D:2      | tripwire: if u see nessos.. u basically have to man up and punch his chest in
  1706 | D:2      | tripwire: or else teleport out
  1710 | D:3      | tripwire: if u come half stepping he will own u
  1712 | D:3      | sugary: ive lost more than one character to walking down some stairs, walking 2 steps into nessos, then being poisoned to death before i can even get out of the place
  1712 | D:3      | bongbaron: or if youve got real good air magic you can meph cloud him
  1714 | D:3      | sugary: oh yeah
  1723 | D:3      | sugary: or shield of reflection to make him kill himself
  1729 | D:3      | tripwire: he doesn't have good mResist
  1737 | D:3      | tripwire: so u can usually hit him with wands of confuse
  1738 | D:3      | tripwire: or something liek that
  1749 | D:3      | feraltennis: quokkas are sick
  1749 | D:3      | tripwire: i hope they get better
  1763 | D:3      | tripwire: quokas are meals on wheels, unlessu are a spriggan
  1763 | D:3      | sugary: i got a shield of reflec on my chei worshipper and when i ran into nessos i took like 2 steps toward him and he was dead from his own arrows
  1768 | D:3      | feraltennis: my fursona is a quokka halfbreed
  1904 | D:3      | Noticed Terence
  1967 | D:3      | bongbaron: using regeneration instead of pots of curing to get out of early poison is so fuckin ftw
  1995 | D:3      | Ragg: this guy is gay
  1995 | D:3      | Ragg: ahyhhh
  1995 | D:3      | feraltennis: i got like four rings of regen w acquirement on my gargoyle the last time i played
  1997 | D:3      | feraltennis: fully sick
  2000 | D:3      | bongbaron: hes got tuff armour but hes kind of a wuss
  2000 | D:3      | bongbaron: can u teleport out
  2029 | D:3      | bongbaron: his hand axe of venom will be a sick weap if u can murder him
  2035 | D:3      | feraltennis: hmm
  2035 | D:3      | Shauncat: Oh Terence is the guy that didn't want to make friends with my healer
  2036 | D:3      | bongbaron: itll poison everything it hits with cleave
  2036 | D:3      | feraltennis: this could end badly
  2036 | D:3      | Shauncat: What a fucker
  2037 | D:3      | Ragg: yes
  2037 | D:3      | bongbaron: no it cant he can just run away
  2037 | D:3      | bongbaron: just dont melee him
  2042 | D:3      | bongbaron: buh oh
  2043 | D:3      | bongbaron: pick up the dagger
  2047 | D:3      | bongbaron: too late
  2057 | D:3      | bongbaron: hell keep picking ut up
  2059 | D:3      | bongbaron: and chucking it at you
  2097 | D:3      | feraltennis: take the dagger man
  2098 | D:3      | bongbaron: pick up teh dagger lmao
  2133 | D:3      | Ragg: this is gay
  2135 | D:3      | feraltennis: truly a man of moderation
  2135 | D:3      | bongbaron: yeah
  2147 | D:3      | bongbaron: run away and come back when your stronger
  2154 | D:3      | bongbaron: then kill him and take his axe
  2159 | D:3      | feraltennis: dude's healing
  2228 | D:3      | Reached XP level 4. HP: 18/22 MP: 4/11
  2281 | D:3      | Ragg: this class fucking sucks
  2310 | D:3      | Ragg: Fuik off
  2310 | D:3      | feraltennis: make a gargoyle berserker then
  2310 | D:3      | bongbaron: it doessuck
  2324 | D:3      | bongbaron: the trick is inner flame
  2328 | D:3      | bongbaron: its their whole gimmick
  2351 | D:3      | bongbaron: you cast it on a monster to turn it into a big aoe high damage bomb when it dies
  2373 | D:3      | bongbaron: then eitherk ill it from range or enslave it and send it to die
  2431 | D:3      | Ragg: im tired of berserkser
  2431 | D:3      | Ragg: mages are fun
  2431 | D:3      | Ragg: this classis gay
  2431 | D:3      | Ragg: it was kinda fun with ogre though lol
  2431 | D:3      | Ragg: Cuz you were throwing big ole boulders
  2431 | D:3      | Ragg: Which is bad ass
  2506 | D:3      | Ragg: im gonna starve to death
  2648 | D:3      | bongbaron: play something not stinky and gay
  2685 | D:3      | Ragg: ok
  2685 | D:3      | Quit the game

Action                   |  1- 3 |  4- 6 || total
-------------------------+-------+-------++-------
Melee: Unarmed           |    14 |       ||    14
 Fire: Bow               |   152 |    27 ||   179
Throw: Dart              |    37 |    20 ||    57
       Dagger            |     5 |     7 ||    12
       Stone             |    24 |    49 ||    73
 Cast: Slow              |    31 |    18 ||    49
       Corona            |     1 |       ||     1
  Use: Potion            |     2 |       ||     2
       Scroll            |     1 |       ||     1
